 Dungeon Crawl Stone Soup version 0.26-a0-664-gc8b27b8fc1 (webtiles) character file.

Game seed: 5026350135588538374

111 PentaManta the Ducker (level 4, -1/23 HPs)
             Began as a Spriggan Abyssal Knight on Oct 13, 2020.
             Was a Believer of Lugonu.
             Slain by an orc
             ... wielding a +0 flail
              (4 damage)
             ... on level 2 of the Dungeon.
             The game lasted 00:05:37 (2787 turns).

PentaManta the Ducker (Spriggan Abyssal Knight)     Turns: 2787, Time: 00:05:38

Health: -1/23      AC:  2    Str:  8    XL:     4   Next: 62%
Magic:  6/6        EV: 21    Int: 19    God:    Lugonu [**....]
Gold:   137        SH:  0    Dex: 16    Spells: 3/3 levels left

rFire    . . .     SeeInvis +   a - +2 short sword
rCold    . . .     Faith    .   (shield restricted)
rNeg     . . .     Spirit   .   b - +0 robe
rPois    .         Reflect  .   (helmet restricted)
rElec    .         Harm     .   (no cloak)
rCorr    .         Rampage  .   (gloves unavailable)
MR       .....                  (boots unavailable)
Stlth    ++........             (no amulet)
HPRegen  0.07/turn              j - +6 ring of intelligence
MPRegen  0.10/turn              (no ring)

@: very quick
A: very small, unfitting armour, see invisible, speed 3
a: Depart the Abyss, Bend Space, Renounce Religion


You were on level 2 of the Dungeon.
You worshipped Lugonu.
Lugonu was pleased with you.
You visited 1 branch of the dungeon, and saw 4 of its levels.
You visited the Abyss 1 time.

You collected 137 gold pieces.

Inventory:

Hand Weapons
 a - a +2 short sword (weapon)
 o - a +0 hunting sling
Missiles
 k - 3 poisoned darts (quivered)
 p - 18 sling bullets
Armour
 b - a +0 robe (worn)
Jewellery
 j - a +6 ring of intelligence (left hand)
Scrolls
 c - 2 scrolls of remove curse
 d - 3 scrolls of enchant weapon
 e - 2 scrolls of enchant armour {unknown}
 f - a scroll of teleportation
 l - a scroll of identify
 m - a scroll of noise {unknown}
 n - 2 scrolls of magic mapping
Potions
 h - a potion of might {unknown}
 i - a potion of resistance {unknown}


   Skills:
 - Level 2.4 Fighting
 + Level 3.2 Short Blades
 * Level 5.8 Dodging
 + Level 3.2 Stealth
 - Level 1.7 Invocations


You had 3 spell levels left.
You didn't know any spells.
Your spell library was empty.

Dungeon Overview and Level Annotations

Branches:
Dungeon (4/15)
 Temple: D:4-7

Altars:

Annotations:
D:3 Terence


Innate Abilities, Weirdness & Mutations

You are very small and have problems with some larger weapons.
You are too small for most types of armour.
You have supernaturally acute eyesight. (SInv)
You cover ground extremely quickly.


Message History

You hit the leopard gecko.
You kill the leopard gecko!
Lugonu accepts your kill.
You barely miss the orc. The orc misses you.
You hit the orc but do no damage. The orc completely misses you.
You barely miss the orc. The orc completely misses you.
You hit the orc but do no damage. The orc completely misses you.
Okay, then.
You start resting.
An orc is nearby!
You hit the orc.
The orc is moderately wounded.
The orc hits you with a +0 flail!
* * * LOW HITPOINT WARNING * * *
You hit the orc but do no damage.
The orc is moderately wounded.
You hit the orc.
The orc is heavily wounded.
The orc hits you with a +0 flail.
You die...

#####.......# #.###.# #....
.......#.#### #.(...# #####.###
.#####.#.# ##...## #.....#
.#####.#.# #.....###.....#
.##.....<# #.........<...###
...#(#.####### #.....##.........
.##.##......<# ##.............##
.......#####.########.##...>#...#
######.##......o@............#..#
#.##.##.######.####..##.#..#
#.##.##.# #.# #..##.#..#
#.......# ####.####........#
####o#### #.......##.##.##.# #.#
#.......##.......# #.#
#.......####...### ####.####
#....>..# #....#
#.....(.###.......# #....#


You could see an orc.

Vanquished Creatures
  An adder (D:2)
  2 oozes
  A worm (D:2)
  A dart slug (D:1)
  5 leopard geckos
  5 orcs (D:3)
  A ball python (D:3)
  5 giant cockroaches
  6 hobgoblins
  2 jackals (D:1)
  10 kobolds
  3 quokkas
  12 bats
  5 frilled lizards
  6 goblins
  13 rats
78 creatures vanquished.

Notes
Turn   | Place    | Note
-------+----------+-------------------------------------------
     0 | Abyss:1  | PentaManta the Spriggan Abyssal Knight began the quest for
                  | the Orb.
     0 | Abyss:1  | Reached XP level 1. HP: 11/11 MP: 3/3
    42 | Abyss:1  | Noticed a large abomination
    65 | Abyss:1  | Noticed a large abomination
    85 | Abyss:1  | Noticed a small abomination
    86 | Abyss:1  | Noticed a ghoul
    87 | Abyss:1  | Noticed a quasit
    90 | Abyss:1  | Noticed a small abomination
    92 | Abyss:1  | Noticed an apocalypse crab
    99 | Abyss:1  | Noticed a large abomination
   123 | Abyss:1  | Noticed a large abomination
   125 | D:1      | Escaped the Abyss
   463 | D:1      | Reached skill level 4 in Dodging
   463 | D:1      | Reached skill level 1 in Stealth
   470 | D:1      | Reached XP level 2. HP: 14/16 MP: 4/4
   553 | D:1      | Reached * piety under Lugonu
  1034 | D:1      | Reached XP level 3. HP: 19/19 MP: 5/5
  1533 | D:2      | Reached skill level 5 in Dodging
  1628 | D:2      | Reached ** piety under Lugonu
  1968 | D:2      | Reached XP level 4. HP: 20/23 MP: 6/6
  2409 | D:3      | Noticed Terence
  2654 | D:3      | HP: 1/23 [adder (4)]
  2787 | D:2      | Slain by an orc

Illustrated notes

Levels and vault maps discovered:
D:1:      zelgadis_glass_arrival_small, layout_basic, minmay_box_of_dots
D:2:      layout_loops_cross
D:3:      layout_basic, uniq_terence
D:4:      kb_forest_paths, layout_basic, temple_fountains, serial_shops,
          nicolae_shop_trees, minmay_manual_moon, uniq_pikel

Skill      XL: |  1  2  3  4 |
---------------+-------------+-----
Dodging        | 4 5 |  5.8
Stealth        | 1 2 3 |  3.2
Short Blades   | 3 |  3.2
Fighting       | |  2.4
Invocations    | |  1.7

Action                   |  1- 3 |  4- 6 || total
-------------------------+-------+-------++-------
Melee: Short sword       |   144 |   116 ||   260
Invok: Depart the Abyss  |     1 |       ||     1
       Bend Space        |       |     1 ||     1
  Use: Scroll            |     8 |       ||     8
       Potion            |       |     1 ||     1
 Stab: Sleeping          |     7 |     4 ||    11
       Distracted        |     1 |       ||     1
Armor: Robe              |    14 |     7 ||    21
Dodge: Dodged            |   138 |   124 ||   262

Table legend: (Time is in decaauts)
 A = Elapsed time spent in this place.
 B = Non-inter-level travel time spent in this place.
 C = Inter-level travel time spent in this place.
 D = Time resting spent in this place.
 E = Time spent auto-exploring this place.
 F = Levels seen in this place.
 G = Mean time per level.
                   A        B        C        D        E       F      G
               +--------+--------+--------+--------+--------+-----+--------+
         Total |   2232 |   2226 |      6 |    469 |   1189 |   5 |  446.4 |
       Dungeon |   2156 |   2150 |      6 |    469 |   1189 |   4 |  539.0 |
         Abyss |     76 |     76 |      0 |      0 |      0 |   1 |   76.0 |
               +--------+--------+--------+--------+--------+-----+--------+

Top non-repeatable levels by time:
     D:1: 1126 daAuts
     D:2: 718 daAuts
     D:3: 306 daAuts
 Abyss:1: 76 daAuts
     D:4: 4 daAuts
